 Dungeon Crawl Stone Soup version 0.24-a0-381-g637bb3806f (webtiles) character file.

Game seed: 5580560823471026278

109 Amnesiac the Insei (level 4, -3/28 HPs)
             Began as an Octopode Transmuter on June 3, 2019.
             Killed by divine providence
             ... invoked by an orc priest
              (16 damage)
             ... on level 4 of the Dungeon.
             The game lasted 00:04:18 (1300 turns).

Amnesiac the Insei (Octopode Transmuter)            Turns: 1300, Time: 00:04:19

Health: -3/28      AC:  1    Str:  9    XL:     4   Next: 90%
Magic:  1/7        EV: 13    Int: 15    God:
Gold:   57         SH:  0    Dex: 13    Spells: 1/7 levels left

rFire    . . .     SeeInvis .     - Unarmed
rCold    . . .     Gourm    .   (no shield)
rNeg     . . .     Faith    .   (helmet restricted)
rPois    .         Spirit   .   (no amulet)
rElec    .         Reflect  .   (no ring)
rCorr    .         Harm     .   (no ring)
MR       .....                  (no ring)
Stlth    ++........             (no ring)
HPRegen  0.09/turn              (no ring)
MPRegen  0.10/turn              (no ring)
                                (no ring)
                                (no ring)

@: no status effects
A: almost no armour, stealthy swim, amphibious, 8 rings, constrict 8, camouflage
1, gelatinous body 1
a: no special abilities


You were on level 4 of the Dungeon.
You were hungry.

You visited 1 branch of the dungeon, and saw 4 of its levels.

You collected 57 gold pieces.

Inventory:

Missiles
 a - 12 arrows
Scrolls
 e - 2 scrolls of remove curse {!r, unknown}
 g - 3 scrolls of teleportation {!r, unknown}
 h - a scroll of amnesia {!r, unknown}
 i - a scroll of enchant armour {!r, unknown}
Potions
 b - a potion of resistance {!q, unknown}
Comestibles
 c - a ration
 f - 5 chunks of flesh


   Skills:
 - Level 1.0 Fighting
 - Level 2.0 Dodging
 + Level 4.0 Unarmed Combat
 - Level 2.0 Spellcasting
 + Level 4.0 Transmutations


You had one spell level left.
You knew the following spells:

 Your Spells              Type           Power        Failure   Level  Hunger
a - Beastly Appendage     Tmut           ##....       4%          1    #......
b - Sticks to Snakes      Tmut           ##......     6%          2    ###....
e - Spider Form           Tmut/Pois      #.........   28%         3    ###....

Your spell library contained the following spells:

 Spells                   Type           Power        Failure   Level  Hunger
 Ice Form                 Ice/Tmut       #.......     67%         4    #####..
 Blade Hands              Tmut           ##........   75%         5    ######.


Dungeon Overview and Level Annotations

Branches:
Dungeon (4/15)
 Temple: D:4-7

Altars:
Makhleb
Sif Muna


Innate Abilities, Weirdness & Mutations

You cannot wear most types of armour.
You are very stealthy in the water. (Stealth+)
You are amphibious.
You can wear up to eight rings at the same time.
You can use your tentacles to constrict eight enemies at once.
Your skin changes colour to match your surroundings (Stealth+).
Your rubbery body absorbs attacks. (AC +1, EV +1)


Message History

The adder is almost dead.
You feel sick.
You kill the adder!
You see here an adder corpse.
You butcher the adder corpse.
You feel sick.
f - 5 chunks of flesh (gained 1)
You see here an adder skeleton.
You start resting.
You feel sick.
Your transformation has ended.
You feel sick.
You start resting.
Your magical contamination has completely faded away.
You start resting.
You feel sick. x4
You are no longer poisoned.
You start resting.
Magic restored.
You start resting.
An orc comes into view. It is wielding a +0 hand axe.
An orc is nearby!
An orc is nearby!
You start resting.
Magic restored.
You start resting.
An orc wizard comes into view. It is wielding a +0 dagger.
Casting: Spider Form (safe; 28% risk of failure)
Confirm with . or Enter, or press ? or * to list all spells.
You miscast Spider Form.
You are very lightly contaminated with residual magic.
You feel slightly ill.
You are feeling hungry.
The orc wizard casts a spell at you. The magic dart hits you.
* * * LOW HITPOINT WARNING * * *
Casting: Spider Form (safe; 28% risk of failure)
Confirm with . or Enter, or press ? or * to list all spells.
You turn into a venomous arachnid creature.
The orc wizard casts a spell.
The orc wizard blinks!
An orc priest comes into view.
The orc priest shouts!
You hear a shout!
The orc shouts!
You hear a shout!
An orc priest comes into view. It is wielding a +0 hand axe.
You hear a bark!
The orc priest shouts!
A hound comes into view.
You see here 7 javelins.
You hit the orc priest.
The orc priest is moderately wounded.
The orc priest miscasts a cantrip.
You hit the orc priest.
The orc priest is poisoned.
The orc priest is severely wounded.
Your transformation is almost over.
The orc priest closely misses you.
Really quaff
d - a puce potion {!q}?
It was a potion of cancellation {!q}.
Your magical effects are unravelling.
You feel magically purged.
Your magical contamination has completely faded away.
Your transformation has ended.
The orc priest calls down the wrath of Beogh upon you.
Beogh smites you!
Ouch! That really hurt!
You die...

#..รท##.....
###.# ....
####.# ...
##.##.# ..
#.....##oh.
##.....o......
##....o.##.....
#.....o###.h...
##....@........
#.............
#.....##......
#........#.....
........... ...
.........#.. ..
#####......# .
..##....


You could see a hound (wandering), an orc priest, an orc wizard and an orc.

Vanquished Creatures
  A crimson imp (D:3)
  A worker ant (D:4)
  An adder (D:4)
  A dart slug (D:1)
  5 leopard geckos
  6 bats
  A giant cockroach (D:1)
  2 goblins (D:1)
  7 hobgoblins
  5 frilled lizards
  4 kobolds
  3 rats
37 creatures vanquished.

Notes
Turn   | Place    | Note
-------+----------+-------------------------------------------
     0 | D:1      | Amnesiac the Octopode Transmuter began the quest for the
                  | Orb.
     0 | D:1      | Reached XP level 1. HP: 13/13 MP: 3/3
   244 | D:1      | Reached XP level 2. HP: 10/18 MP: 3/5
   595 | D:1      | Reached XP level 3. HP: 23/23 MP: 6/6
   817 | D:1      | Learned a level 2 spell: Sticks to Snakes
   821 | D:1      | Learned a level 3 spell: Spider Form
  1025 | D:2      | Found a burning altar of Makhleb.
  1104 | D:3      | Reached XP level 4. HP: 19/28 MP: 7/7
  1152 | D:3      | Found a deep blue altar of Sif Muna.
  1300 | D:4      | Killed from afar by an orc priest

Levels and vault maps discovered:
D:1:      lightli_iron_boxes, layout_loops_ring
D:2:      layout_basic, lightli_temple_of_fire,
          chequers_ecumenical_altar_simple_redux, minmay_split_cup_large
D:3:      layout_loops_ring, lemuel_round_altar, grunt_temple_overflow_diamond,
          nicolae_ru_path_of_blood
D:4:      old_forge, layout_rooms, first_ration

Skill      XL: |  1  2  3  4 |
---------------+-------------+-----
Transmutations | 3 4 |  4.0
Unarmed Combat | 4 |  4.0
Fighting       | |  1.0
Dodging        | |  2.0
Spellcasting   | |  2.0

Action                   |  1- 3 |  4- 6 || total
-------------------------+-------+-------++-------
Melee: Unarmed           |    74 |    12 ||    86
       Constrict         |    24 |     1 ||    25
       Kick              |     5 |       ||     5
       Tentacles         |     9 |       ||     9
       Punch             |     1 |       ||     1
 Cast: Beastly Appendage |     2 |       ||     2
       Spider Form       |       |     2 ||     2
  Use: Potion            |       |     1 ||     1
 Stab: Sleeping          |     7 |       ||     7
  Eat: Chunk             |     1 |       ||     1
Armor: Skin              |     5 |     2 ||     7
Dodge: Dodged            |    41 |     7 ||    48

Table legend:
 A = Non-vault XP
 B = Vault XP
 C = Vault XP percentage of total XP
 D = Non-vault monster count
 E = Vault monster count
 F = Vault count percentage of total count
                 A         B        C        D         E       F
            +---------+---------+-------+---------+---------+-------
      Total |     157 |       0 |   0.0 |      37 |       0 |   0.0
            +---------+---------+-------+---------+---------+-------
        D:1 |      48 |       0 |   0.0 |      25 |       0 |   0.0
        D:2 |      12 |       0 |   0.0 |       7 |       0 |   0.0
        D:3 |      51 |       0 |   0.0 |       3 |       0 |   0.0
        D:4 |      46 |       0 |   0.0 |       2 |       0 |   0.0
            +---------+---------+-------+---------+---------+-------
